 Dungeon Crawl Stone Soup version 0.32-a0-886-g41c5271027 (webtiles) character file.

Game seed: 5768431365259711095

152 ElPadre the Poker (level 5, -1/53 HPs)
             Began as an Oni Gladiator on Apr 2, 2024.
             Splashed by a jelly's acid (8 damage)
             ... on level 5 of the Dungeon.
             The game lasted 00:17:16 (1171 turns).

ElPadre the Poker (Oni Gladiator)                   Turns: 1171, Time: 00:17:17

Health: -1/53      AC: -1    Str: 18    XL:     5   Next: 34%
Magic:  5/5        EV:  9    Int: 11    God:
Gold:   97         SH:  0    Dex: 10    Spells: 4/4 levels left

rFire   + + .        u - +3 rapier of the Omega Point {freeze, rPois rF++ Str-2 Int+2}
rCold   . . .        (no shield)
rNeg    . . .        b - +0 robe
rPois   +            c - +0 hat
rElec   .            (no cloak)
rCorr   .            (gloves unavailable)
SInv    .            (boots unavailable)
Will    .....        (no amulet)
Stlth   +            (no ring)
HPRegen 0.28/turn    (no ring)
MPRegen 0.09/turn

%: no passive effects
@: corroded
A: large, unfitting armour, horns 1, tough skin 1, double potion healing,
drunken brawling
a: no special abilities


You were on level 5 of the Dungeon.
You visited 1 branch of the dungeon, and saw 5 of its levels.

You collected 97 gold pieces.

Inventory:

Hand Weapons
 a - a +1 trident
 u - the +3 rapier of the Omega Point (weapon) {freeze, rPois rF++ Str-2 Int+2}
   (You found it on level 3 of the Dungeon)

   Str-2:     It affects your strength (-2).
   Int+2:     It affects your intelligence (+2).
   rF++:      It greatly protects you from fire.
   rPois:     It protects you from poison.
Missiles
 d - 3 throwing nets (quivered)
 m - 2 poisoned darts
Armour
 b - a +0 robe (worn)
 c - a +0 hat (worn)
Jewellery
 p - an amulet of faith
Scrolls
 j - 3 scrolls of identify {unknown}
 q - a scroll of teleportation {unknown}
 s - 2 scrolls of fog {unknown}
Potions
 f - a potion of haste {unknown}
 k - 2 potions of lignification {unknown}
 l - a potion of resistance {unknown}
 o - a potion of mutation {unknown}
 r - a potion of enlightenment
 t - a potion of magic {unknown}


   Skills:
 + Level 3.6 Fighting
 + Level 0.9 Short Blades
 + Level 4.3 Polearms
 + Level 2.0 Throwing
 + Level 3.8 Dodging
 + Level 0.3 Stealth


You had 4 spell levels left.
You didn't know any spells.
Your spell library was empty.

Dungeon Overview and Level Annotations

Branches:
Dungeon (5/15)
 Temple: D:4-7

Altars:

Shops:
D:5 (


Innate Abilities, Weirdness & Mutations

You are too large for most types of armour.
You have a pair of small horns on your head.
You have tough skin. (AC +1)
You gain doubled healing and magic from potions.
Whenever you drink a healing potion, you attack all around you.


Message History

You hit the ogre. You freeze the ogre.
The ogre is heavily wounded.
You puncture the ogre! You freeze the ogre.
You headbutt the ogre, but do no damage.
The ogre is severely wounded.
The ogre closely misses you.
You hit the ogre. You freeze the ogre. You headbutt the ogre.
You kill the ogre!
Your Polearms skill increases to level 4!
You have reached level 5!
Found a ring mail.
Found a stone staircase leading down.
A hound comes into view.
You see here a fizzy green potion.
k - 2 fizzy green potions (gained 1)
Found a scroll labelled YZUNLY MOLOEPP.
There is an entrance to Qotes's Weapon Emporium here.
The hound barks!
You hear a shout!
The jelly closely misses you.
You barely miss the jelly. You headbutt the jelly.
The jelly is moderately wounded.
The jelly hits you but does no damage. The hound barely misses you.
You hit the jelly. You freeze the jelly. The acid corrodes you!
Your hands burn!
You headbutt the jelly, but do no damage.
The jelly is heavily wounded.
The hound barely misses you. The jelly barely misses you. The hound bites you.
The jelly hits you.
You are splashed with acid.
* * * LOW HITPOINT WARNING * * *
You hit the jelly. You freeze the jelly.
Your hands burn!
* * * LOW HITPOINT WARNING * * *
The jelly is severely wounded.
The hound barely misses you. The jelly closely misses you.
You closely miss the hound.
You headbutt the hound, but do no damage.
The hound bites you.
* * * LOW HITPOINT WARNING * * *
The hound closely misses you. The jelly hits you.
* * * LOW HITPOINT WARNING * * *
You are splashed with acid!
You die...

... .... ...###
#...#######
#........###
#######..#...#...#
..........#.#..#.#
>..........∩...#.#.####
..........#.#.h@J......
.........#...#.?....###
...(...........####..#
#########
[.......)##.####
#.###...#...#
.(.......##.#
#<##.........
.........##.#
#......).....
............#
##...........
..........###
##..........
########...####
#........##


You could see a hound and a jelly.

Vanquished Creatures
  An ogre (D:5)
  An adder (D:5)
  5 orcs (D:5)
  2 endoplasms (D:2)
  3 giant cockroaches
  7 goblins
  2 hobgoblins
  2 jackals (D:2)
  3 kobolds
  A quokka (D:1)
  4 ball pythons
  10 bats
  6 rats
47 creatures vanquished.

Vanquished Creatures (collateral kills)
  A kobold (D:1)
1 creature vanquished.

Grand Total: 48 creatures vanquished

Notes
Turn   | Place    | Note
-------+----------+-------------------------------------------
     0 | D:1      | ElPadre the Oni Gladiator began the quest for the Orb.
     0 | D:1      | Reached XP level 1. HP: 22/22 MP: 1/1
   195 | D:1      | Reached XP level 2. HP: 24/29 MP: 2/2
   515 | D:2      | Found a faded altar of an unknown god.
   603 | D:2      | Reached XP level 3. HP: 36/36 MP: 3/3
   823 | D:3      | Identified the +3 rapier of the Omega Point {freeze, rPois
                  | rF++ Str-2 Int+2}
   996 | D:5      | Entered Level 5 of the Dungeon
  1019 | D:5      | Noticed an ogre
  1045 | D:5      | Reached XP level 4. HP: 27/45 MP: 4/4
  1152 | D:5      | Found Qotes's Weapon Emporium.
  1156 | D:5      | Killed an ogre
  1157 | D:5      | Reached skill level 4 in Polearms
  1157 | D:5      | Reached XP level 5. HP: 21/53 MP: 5/5
  1171 | D:5      | Splashed by a jelly's acid

Illustrated notes

Levels and vault maps discovered:
D:1:      roderic_chinese_lattice_arrival, layout_loops_ring
D:2:      layout_rooms, shapermc_ecumenical_altar_ellora, minmay_bisected
D:3:      layout_basic, uniq_crazy_yiuf_cottage
D:4:      layout_layer_cave, mainiacjoe_overflow_boulevard, uniq_natasha
D:5:      layout_rooms, grunt_temple_overflow_cloverleaf, serial_shops,
          nicolae_shop_advertising_works [nicolae_subvault_shop_adworks]

Skill      XL: |  1  2  3  4 |
---------------+-------------+-----
Dodging        | 3 |  3.8
Fighting       | 3 |  3.6
Polearms       | 4 |  4.3
Short Blades   | |  0.9
Throwing       | |  2.0
Stealth        | |  0.3

Action                     |  1- 3 |  4- 6 || total
---------------------------+-------+-------++-------
  Melee: Trident           |   127 |       ||   127
         Headbutt          |    27 |     8 ||    35
         Rapier            |    11 |    13 ||    24
    Use: Scroll            |     3 |       ||     3
         Potion            |     1 |       ||     1
 Armour: Robe              |    95 |     8 ||   103
  Dodge: Dodged            |    71 |    10 ||    81

Table legend: (Time is in decaauts)
 A = Elapsed time spent in this place.
 B = Non-inter-level travel time spent in this place.
 C = Inter-level travel time spent in this place.
 D = Time resting spent in this place.
 E = Time spent auto-exploring this place.
 F = Levels seen in this place.
 G = Mean time per level.
                   A        B        C        D        E       F      G
               +--------+--------+--------+--------+--------+-----+--------+
         Total |   1191 |    595 |    596 |      0 |      0 |   5 |  238.2 |
       Dungeon |   1191 |    595 |    596 |      0 |      0 |   5 |  238.2 |
               +--------+--------+--------+--------+--------+-----+--------+

Top non-repeatable levels by time:
     D:1: 498 daAuts
     D:2: 318 daAuts
     D:3: 192 daAuts
     D:5: 177 daAuts
     D:4: 3 daAuts
